TOP OF THE 1ST |
Chicago Gold Sox batting - Pitching for Richardson City Thundercats : LHP Jesús Gonzáles
|
Pitching: LHP Jesús Gonzáles
|
|
Batting: LHB Stanley Belote
|
0-0: Ball 1-0: Ball 2-0: Ball 3-0: Called Strike 3-1: Base on Balls
|
Batting: LHB Noel Ballard
|
0-0: Called Strike 0-1: Ball 1-1: Ball Stanley Belote steals 2nd base 2-1: Ball 3-1: Fly out, F8 (Flyball, 78D)
|
Batting: SHB Lupo Cotto
|
0-0: Ball 1-0: Ball 2-0: Ball 3-0: Called Strike 3-1: Base on Balls
|
Batting: RHB Norman Winston
|
0-0: Grounds into double play, 5-4-3 (Groundball, 56)
|
Top of the 1st over - 0 runs, 0 hits, 0 errors, 1 left on base; Chicago 0 - Richardson City 0 |
BOTTOM OF THE 1ST |
Richardson City Thundercats batting - Pitching for Chicago Gold Sox : RHP Shuntavyious Primes-Willes
|
Pitching: RHP Shuntavyious Primes-Willes
|
|
Batting: SHB Mitch Qualtrough
|
0-0: Ball 1-0: SINGLE (Groundball, 4MD)
|
Batting: LHB Eduardo Álvarez
|
Error on foul ball, E7 0-1: Ball 1-1: Ball 2-1: Ball 3-1: Reached on error, E3 (Groundball, 34) Mitch Qualtrough to second
|
Batting: LHB Yun Yen
|
0-0: Called Strike 0-1: Ball 1-1: Foul Ball, location: 2F 1-2: Strikes out swinging
|
Batting: RHB Tomás Martínez
|
0-0: Ball 1-0: Ball 2-0: Grounds into double play, 6-4-3 (Groundball, 6MD)
|
Bottom of the 1st over - 0 runs, 1 hit, 2 errors, 1 left on base; Chicago 0 - Richardson City 0 |
TOP OF THE 2ND |
Chicago Gold Sox batting - Pitching for Richardson City Thundercats : LHP Jesús Gonzáles
|
Batting: LHB Eddie Flynn
|
0-0: Ball 1-0: Ball 2-0: Ball 3-0: Base on Balls
|
Batting: RHB Manuel Guillama
|
0-0: Ball 1-0: Swinging Strike 1-1: Foul Ball, location: 2F 1-2: Strikes out swinging
|
Batting: RHB Ben Kennerly
|
0-0: Ball 1-0: Swinging Strike 1-1: Foul Ball, location: 2F 1-2: Foul Ball, location: 2F 1-2: Grounds into double play, 6-4-3 (Groundball, 6)
|
Top of the 2nd over - 0 runs, 0 hits, 0 errors, 0 left on base; Chicago 0 - Richardson City 0 |
BOTTOM OF THE 2ND |
Richardson City Thundercats batting - Pitching for Chicago Gold Sox : RHP Shuntavyious Primes-Willes
|
Batting: RHB IV Seacat
|
0-0: Ground out 6-3 (Groundball, 6)
|
Batting: LHB Fernando Ramírez
|
0-0: Called Strike 0-1: Foul Ball, location: 2F 0-2: Fly out, F9 (Flyball, 9S)
|
Batting: RHB Joey Jones
|
0-0: Ball 1-0: Ball 2-0: Ball 3-0: Base on Balls
|
Batting: LHB Carroll Martin
|
0-0: DOUBLE (Line Drive, 89D) Joey Jones to third
|
Batting: RHB Louis Gibbons
|
0-0: Ball 1-0: Foul Ball, location: 2F 1-1: Ball 2-1: Ball 3-1: Foul Ball, location: 2F 3-2: Base on Balls
|
Batting: SHB Mitch Qualtrough
|
0-0: Called Strike 0-1: SINGLE (Groundball, 34D) Joey Jones scores Carroll Martin to third Louis Gibbons to second Runner from 3rd tries for Home, SAFE, no throw
|
Batting: LHB Eduardo Álvarez
|
0-0: Foul Ball, location: 2F 0-1: Fly out, F9 (Flyball, 9LSF)
|
Bottom of the 2nd over - 2 runs, 2 hits, 0 errors, 2 left on base; Chicago 0 - Richardson City 2 |
TOP OF THE 3RD |
Chicago Gold Sox batting - Pitching for Richardson City Thundercats : LHP Jesús Gonzáles
|
Batting: LHB Arthur Ryan
|
0-0: Ball 1-0: Foul Ball, location: 2F 1-1: Foul Ball, location: 2F 1-2: Foul Ball, location: 2F 1-2: Foul Ball, location: 2F 1-2: Fly out, F7 (Line Drive, 7S)
|
Batting: RHB Zeus Preckwinkle
|
0-0: Foul Ball, location: 2F 0-1: Ground out 4-3 (Groundball, 4S)
|
Batting: LHB Stanley Belote
|
0-0: Ball 1-0: Ball 2-0: Ball 3-0: Called Strike 3-1: Foul Ball, location: 2F 3-2: Strikes out looking
|
Top of the 3rd over - 0 runs, 0 hits, 0 errors, 0 left on base; Chicago 0 - Richardson City 2 |
BOTTOM OF THE 3RD |
Richardson City Thundercats batting - Pitching for Chicago Gold Sox : RHP Shuntavyious Primes-Willes
|
Batting: LHB Yun Yen
|
0-0: SINGLE (Line Drive, 89S)
|
Batting: RHB Tomás Martínez
|
0-0: Ball 1-0: Ball 2-0: Called Strike 2-1: Ball 3-1: SINGLE (Groundball, 6MD) Yun Yen to second
|
Batting: RHB IV Seacat
|
0-0: Foul Ball, location: 2F 0-1: Swinging Strike 0-2: Strikes out swinging
|
Batting: LHB Fernando Ramírez
|
0-0: Foul Ball, location: 2F 0-1: Ball 1-1: Ball 2-1: Foul Ball, location: 2F 2-2: Ball 3-2: Foul Ball, location: 2F 3-2: Ground out 3-1 (Groundball, 34S) Yun Yen to third Tomás Martínez to second
|
Batting: RHB Joey Jones
|
0-0: Ball 1-0: Ball 2-0: Fly out, F9 (Flyball, 9D)
|
Bottom of the 3rd over - 0 runs, 2 hits, 0 errors, 2 left on base; Chicago 0 - Richardson City 2 |
TOP OF THE 4TH |
Chicago Gold Sox batting - Pitching for Richardson City Thundercats : LHP Jesús Gonzáles
|
Batting: LHB Noel Ballard
|
0-0: Ball 1-0: Called Strike 1-1: Swinging Strike 1-2: Strikes out swinging
|
Batting: SHB Lupo Cotto
|
0-0: Called Strike 0-1: SINGLE (Flyball, 7LS)
|
Batting: RHB Norman Winston
|
0-0: Called Strike 0-1: Called Strike 0-2: Ball Lupo Cotto is caught stealing 2nd base 1-2: Ball 2-2: SINGLE (Line Drive, 89M)
|
Batting: LHB Eddie Flynn
|
0-0: Ball Norman Winston steals 2nd base 1-0: Ball 2-0: Called Strike 2-1: Foul Ball, location: 2F 2-2: Foul Ball, location: 2F 2-2: Strikes out swinging
|
Top of the 4th over - 0 runs, 2 hits, 0 errors, 1 left on base; Chicago 0 - Richardson City 2 |
BOTTOM OF THE 4TH |
Richardson City Thundercats batting - Pitching for Chicago Gold Sox : RHP Shuntavyious Primes-Willes
|
Batting: LHB Carroll Martin
|
0-0: Ball 1-0: Ball 2-0: Ball 3-0: Called Strike 3-1: Base on Balls
|
Batting: RHB Louis Gibbons
|
0-0: Ball 1-0: Ball 2-0: Swinging Strike 2-1: DOUBLE (Flyball, 78D) Carroll Martin to third
|
Batting: SHB Mitch Qualtrough
|
0-0: Swinging Strike 0-1: Swinging Strike 0-2: Foul Ball, location: 2F 0-2: Foul Ball, location: 2F 0-2: Foul Ball, location: 2F 0-2: SINGLE (Groundball, 56D) Carroll Martin scores Louis Gibbons to third Runner from 3rd tries for Home, SAFE, no throw
|
Batting: LHB Eduardo Álvarez
|
0-0: Ball 1-0: Fly out, F9 (Flyball, 89M)
|
Batting: LHB Yun Yen
|
0-0: Called Strike 0-1: Ball 1-1: Ball 2-1: Ball 3-1: Base on Balls Mitch Qualtrough to second
|
Batting: RHB Tomás Martínez
|
0-0: SINGLE (Flyball, 78S) Mitch Qualtrough to third Yun Yen to second Runner from 3rd tries for Home, SAFE, no throw
|
Batting: RHB IV Seacat
|
0-0: Called Strike 0-1: Ball 1-1: Ball Wild Pitch! Yun Yen to third Tomás Martínez to second 2-1: SINGLE (Flyball, 6D) Yun Yen scores Tomás Martínez to third
|
Batting: LHB Fernando Ramírez
|
0-0: Ball IV Seacat steals 2nd base 1-0: Swinging Strike 1-1: Ball 2-1: Swinging Strike 2-2: Foul Ball, location: 2F 2-2: Foul Ball, location: 2F 2-2: Foul Ball, location: 2F 2-2: Strikes out swinging
|
Batting: RHB Joey Jones
|
0-0: Ball 1-0: SINGLE (Groundball, 34D) Tomás Martínez scores IV Seacat to third Runner from 3rd tries for Home, SAFE, no throw
|
Batting: LHB Carroll Martin
|
0-0: Swinging Strike 0-1: Ball 1-1: Ball 2-1: Foul Ball, location: 2F 2-2: Ball 3-2: Base on Balls Joey Jones to second
|
Batting: RHB Louis Gibbons
|
0-0: Ball 1-0: Called Strike 1-1: Foul Ball, location: 2F 1-2: Foul Ball, location: 2F 1-2: Foul Ball, location: 2F 1-2: Fly out, F8 (Flyball, 89S)
|
Bottom of the 4th over - 6 runs, 5 hits, 0 errors, 2 left on base; Chicago 0 - Richardson City 8 |
TOP OF THE 5TH |
Chicago Gold Sox batting - Pitching for Richardson City Thundercats : LHP Jesús Gonzáles
|
Batting: RHB Manuel Guillama
|
0-0: Called Strike 0-1: Ball 1-1: Ball 2-1: Ball 3-1: Base on Balls
|
Batting: RHB Ben Kennerly
|
0-0: Foul Ball, location: 2F 0-1: Ball 1-1: Ball 2-1: Swinging Strike 2-2: Strikes out swinging
|
Batting: LHB Arthur Ryan
|
0-0: Swinging Strike 0-1: Foul Ball, location: 2F 0-2: Ball 1-2: Foul Ball, location: 2F 1-2: Grounds into double play, 6-4-3 (Groundball, 6)
|
Top of the 5th over - 0 runs, 0 hits, 0 errors, 0 left on base; Chicago 0 - Richardson City 8 |
BOTTOM OF THE 5TH |
Richardson City Thundercats batting - Pitching for Chicago Gold Sox : RHP Shuntavyious Primes-Willes
|
Batting: SHB Mitch Qualtrough
|
0-0: Ball 1-0: SINGLE (Line Drive, 56)
|
Batting: LHB Eduardo Álvarez
|
0-0: Called Strike 0-1: Foul Ball, location: 2F 0-2: Ball Mitch Qualtrough steals 2nd base 1-2: Foul Ball, location: 2F 1-2: Ball 2-2: Foul Ball, location: 2F 2-2: Ground out 6-3 (Groundball, 6)
|
Pitching: RHP Rob Rocha
|
|
Batting: LHB Yun Yen
|
0-0: Ball 1-0: Ball 2-0: Ball 3-0: Base on Balls
|
Batting: RHB Tomás Martínez
|
0-0: Called Strike 0-1: Ball 1-1: Called Strike Mitch Qualtrough steals 3rd base 1-2: Ball 2-2: Foul Ball, location: 2F 2-2: 3-RUN HOME RUN (Flyball, 7D), Distance : 361 ft
|
Batting: RHB IV Seacat
|
0-0: Called Strike 0-1: Foul Ball, location: 2F 0-2: Ball 1-2: Ball 2-2: Ball 3-2: Base on Balls
|
Batting: LHB Fernando Ramírez
|
0-0: Foul Ball, location: 2F 0-1: Foul Ball, location: 2F 0-2: Fly out, F8 (Flyball, 78D) Runner from 1st tags up, SAFE at 2nd
|
Batting: RHB Joey Jones
|
0-0: Called Strike 0-1: Foul Ball, location: 2F 0-2: Foul Ball, location: 2F 0-2: Ball 1-2: SINGLE (Groundball, 6MD) IV Seacat to third Runner from 3rd tries for Home, SAFE, no throw
|
Batting: LHB Carroll Martin
|
0-0: Called Strike Joey Jones steals 2nd base 0-1: SINGLE (Line Drive, 34D) Joey Jones to third
|
Batting: RHB Louis Gibbons
|
0-0: DOUBLE (Flyball, 7LD) Joey Jones scores Carroll Martin to third Runner from 3rd tries for Home, SAFE, no throw
|
Batting: SHB Mitch Qualtrough
|
0-0: Ball 1-0: SINGLE (Groundball, 6) (infield hit) Louis Gibbons to third
|
Batting: LHB Eduardo Álvarez
|
0-0: Foul Ball, location: 2F 0-1: Ball 1-1: Called Strike 1-2: Fly out, F9 (Flyball, 89M)
|
Bottom of the 5th over - 6 runs, 6 hits, 0 errors, 2 left on base; Chicago 0 - Richardson City 14 |
TOP OF THE 6TH |
Chicago Gold Sox batting - Pitching for Richardson City Thundercats : LHP Jesús Gonzáles
|
Batting: RHB Zeus Preckwinkle
|
0-0: Foul Ball, location: 2F 0-1: Ball 1-1: Fly out, F7 (Flyball, 7)
|
Batting: LHB Stanley Belote
|
0-0: Ball 1-0: Swinging Strike 1-1: Called Strike 1-2: Ball 2-2: Ball 3-2: Base on Balls
|
Batting: LHB Noel Ballard
|
0-0: Ball 1-0: Called Strike 1-1: Fly out, F9 (Line Drive, 9D)
|
Pitching: RHP Kelsey MacGillivary
|
|
Batting: SHB Lupo Cotto
|
0-0: Called Strike 0-1: Ball 1-1: Ball 2-1: Foul Ball, location: 2F 2-2: Ball Stanley Belote steals 2nd base 3-2: Foul Ball, location: 2F 3-2: SINGLE (Groundball, 34S) (infield hit) Stanley Belote to third
|
Batting: RHB Norman Winston
|
0-0: Called Strike 0-1: Ball 1-1: Foul Ball, location: 2F 1-2: Ball 2-2: Ball 3-2: Ground out 4-3 (Groundball, 4)
|
Top of the 6th over - 0 runs, 1 hit, 0 errors, 2 left on base; Chicago 0 - Richardson City 14 |
BOTTOM OF THE 6TH |
Richardson City Thundercats batting - Pitching for Chicago Gold Sox : RHP Rob Rocha
|
Batting: LHB Yun Yen
|
0-0: Called Strike 0-1: SINGLE (Line Drive, 6D)
|
Batting: RHB Tomás Martínez
|
0-0: Ball 1-0: Foul Ball, location: 2F 1-1: Ball 2-1: Fly out, F7 (Line Drive, 78M)
|
Batting: RHB IV Seacat
|
0-0: Called Strike 0-1: Ball 1-1: Foul Ball, location: 2F 1-2: SINGLE (Line Drive, 5) Yun Yen to second
|
Batting: LHB Fernando Ramírez
|
0-0: Called Strike 0-1: Ball 1-1: Called Strike 1-2: Strikes out looking
|
Batting: RHB Joey Jones
|
0-0: Called Strike 0-1: Foul Ball, location: 2F 0-2: Strikes out swinging
|
Bottom of the 6th over - 0 runs, 2 hits, 0 errors, 2 left on base; Chicago 0 - Richardson City 14 |
TOP OF THE 7TH |
Chicago Gold Sox batting - Pitching for Richardson City Thundercats : RHP Kelsey MacGillivary
|
Batting: LHB Eddie Flynn
|
0-0: Ball 1-0: Swinging Strike 1-1: Ball 2-1: Ball 3-1: Called Strike 3-2: Base on Balls
|
Batting: RHB Manuel Guillama
|
0-0: Ball 1-0: Ball 2-0: Ball 3-0: Swinging Strike 3-1: Called Strike 3-2: SINGLE (Flyball, 8LS) Eddie Flynn to second Runner from 2nd tries for 3rd, SAFE, no throw
|
Batting: RHB Ben Kennerly
|
0-0: Ball 1-0: Called Strike 1-1: Foul Ball, location: 2F 1-2: Grounds into double play, 5-4-3 (Groundball, 56) Eddie Flynn scores
|
Batting: LHB Arthur Ryan
|
0-0: Ball 1-0: SINGLE (Groundball, 6MD)
|
Batting: RHB Zeus Preckwinkle
|
0-0: Called Strike 0-1: SINGLE (Groundball, 56D) Arthur Ryan to second
|
Batting: LHB Stanley Belote
|
0-0: Ball 1-0: Ball 2-0: Called Strike 2-1: Called Strike 2-2: Ball 3-2: SINGLE (Groundball, 34D) Arthur Ryan to third Zeus Preckwinkle to second Arthur Ryan scores Zeus Preckwinkle to third
|
Batting: LHB Noel Ballard
|
0-0: Ball 1-0: Ball 2-0: SINGLE (Popup, 6D) Zeus Preckwinkle scores Stanley Belote to second
|
Batting: SHB Lupo Cotto
|
0-0: Called Strike 0-1: Ball 1-1: Swinging Strike 1-2: Ball 2-2: Fly out, F8 (Flyball, 89D)
|
Top of the 7th over - 3 runs, 5 hits, 0 errors, 2 left on base; Chicago 3 - Richardson City 14 |
BOTTOM OF THE 7TH |
Richardson City Thundercats batting - Pitching for Chicago Gold Sox : RHP Rob Rocha
|
Batting: LHB Carroll Martin
|
0-0: Swinging Strike 0-1: Fly out, F8 (Flyball, 8RD)
|
Batting: RHB Louis Gibbons
|
0-0: Swinging Strike 0-1: Foul Ball, location: 2F 0-2: Ball 1-2: Ball 2-2: Ground out 6-3 (Groundball, 6M)
|
Batting: SHB Mitch Qualtrough
|
0-0: Called Strike 0-1: Ball 1-1: SINGLE (Line Drive, 34D)
|
Batting: LHB Eduardo Álvarez
|
0-0: Ball 1-0: SINGLE (Groundball, 4D) Mitch Qualtrough to second Runner from 2nd tries for 3rd, SAFE, throw made to third
|
Batting: LHB Yun Yen
|
0-0: Ball 1-0: Ball 2-0: Called Strike 2-1: Foul Ball, location: 2F 2-2: Ground out 5-3 (Groundball, 56)
|
Bottom of the 7th over - 0 runs, 2 hits, 0 errors, 2 left on base; Chicago 3 - Richardson City 14 |
TOP OF THE 8TH |
Chicago Gold Sox batting - Pitching for Richardson City Thundercats : RHP Kelsey MacGillivary
|
Batting: RHB Norman Winston
|
0-0: SINGLE (Groundball, 34D)
|
Batting: LHB Eddie Flynn
|
0-0: Called Strike 0-1: Ball 1-1: Ball 2-1: Called Strike 2-2: Ground out 3-1 (Groundball, 34S) Norman Winston to second
|
Batting: RHB Manuel Guillama
|
0-0: Ball 1-0: Ball 2-0: Foul Ball, location: 2F 2-1: Foul Ball, location: 2F 2-2: Strikes out swinging
|
Batting: RHB Ben Kennerly
|
0-0: Ball 1-0: Called Strike 1-1: Ground out 5-3 (Groundball, 56S)
|
Top of the 8th over - 0 runs, 1 hit, 0 errors, 1 left on base; Chicago 3 - Richardson City 14 |
BOTTOM OF THE 8TH |
Richardson City Thundercats batting - Pitching for Chicago Gold Sox : RHP Rob Rocha
|
Batting: RHB Tomás Martínez
|
0-0: Called Strike 0-1: Ball 1-1: Ball 2-1: Ball 3-1: SINGLE (Groundball, 56D)
|
Pitching: RHP Júlio Palma
|
|
Batting: RHB IV Seacat
|
0-0: Ball 1-0: Foul Ball, location: 2F 1-1: Fly out, F9 (Flyball, 9D)
|
Batting: LHB Fernando Ramírez
|
0-0: Fly out, F9 (Flyball, 9LS)
|
Batting: RHB Joey Jones
|
0-0: Ball 1-0: Ball 2-0: Swinging Strike 2-1: Fly out, F9 (Flyball, 89D)
|
Bottom of the 8th over - 0 runs, 1 hit, 0 errors, 1 left on base; Chicago 3 - Richardson City 14 |
TOP OF THE 9TH |
Chicago Gold Sox batting - Pitching for Richardson City Thundercats : RHP Kelsey MacGillivary
|
Batting: LHB Arthur Ryan
|
0-0: Called Strike 0-1: Ball 1-1: Ball 2-1: Ball 3-1: Base on Balls
|
Pitching: RHP Héctor Alarcon
|
|
Batting: RHB Zeus Preckwinkle
|
0-0: Swinging Strike 0-1: Ball 1-1: SINGLE (Groundball, 56D) Arthur Ryan to second
|
Pinch Hitting: LHB Sergio Rodríguez
|
0-0: Ball 1-0: Ball 2-0: Called Strike 2-1: Foul Ball, location: 2F 2-2: Foul Ball, location: 2F 2-2: 3-RUN HOME RUN (Line Drive, 9D), Distance : 389 ft
|
Batting: LHB Noel Ballard
|
0-0: Ball 1-0: Foul Ball, location: 2F 1-1: SINGLE (Groundball, 56D)
|
Batting: SHB Lupo Cotto
|
0-0: Foul Ball, location: 2F 0-1: Ball 1-1: Foul Ball, location: 2F Balk! Noel Ballard to second 1-2: Ball 2-2: Ball 3-2: Foul Ball, location: 2F 3-2: Base on Balls
|
Batting: RHB Norman Winston
|
0-0: Called Strike 0-1: Fielders Choice at 2nd, 6-4 (Groundball, 6) Noel Ballard to third
|
Batting: LHB Eddie Flynn
|
0-0: Called Strike 0-1: Foul Ball, location: 2F 0-2: Foul Ball, location: 2F 0-2: Ball 1-2: Ball 2-2: Foul Ball, location: 2F 2-2: Ball 3-2: SINGLE (Groundball, 4D) Noel Ballard scores Norman Winston to second
|
Batting: RHB Manuel Guillama
|
0-0: Called Strike 0-1: Ball 1-1: Called Strike 1-2: Ball 2-2: Foul Ball, location: 2F 2-2: Strikes out swinging
|
Batting: RHB Ben Kennerly
|
0-0: Ball 1-0: Ground out U3 (Groundball, 34)
|
Top of the 9th over - 4 runs, 4 hits, 0 errors, 2 left on base; Chicago 7 - Richardson City 14 |
|